 Dungeon Crawl Stone Soup version 0.18.1-48-g4cf74bf (webtiles) character file.

195 kosy22 the Ruffian (level 5, -3/53 HPs)
             Began as a Troll Monk on Aug 20, 2016.
             Killed from afar by an orc wizard (10 damage)
             ... with a puff of frost
             ... on level 4 of the Dungeon.
             The game lasted 00:06:27 (2237 turns).

kosy22 the Ruffian (Troll Monk)                     Turns: 2237, Time: 00:06:30

Health: -3/53      AC:  5    Str: 20    XL:     5   Next: 45%
Magic:  4/4        EV: 17    Int:  6    God:
Gold:   103        SH:  0    Dex: 17    Spells: 0 memorised, 4 levels left

rFire  + . .     SeeInvis .       - Unarmed
rCold  . . .     Gourm    +     a - +0 robe
rNeg   . . .     Faith    .     (no shield)
rPois  .         Spirit   .     (helmet restricted)
rElec  .         Dismiss  .     (no cloak)
rCorr  .         Reflect  .     (gloves unavailable)
SustAt .         Harm     .     (boots unavailable)
MR     .....                    (no amulet)
Stlth  +++.......               (no ring)
                                s - ring of wizardry

@: agile, not resistant to hostile enchantments, fairly stealthy
A: unfitting armour, claws 3, fire resistance 1, fast metabolism 3, gourmand,
regeneration 2, shaggy fur 1, tough skin 2, MP-powered wands
a: no special abilities


You were on level 4 of the Dungeon.
You were not hungry.

You visited 1 branch of the dungeon, and saw 4 of its levels.

You collected 103 gold pieces.

Inventory:

Missiles
 k - a throwing net (quivered)
Armour
 a - a +0 robe (worn)
Jewellery
 s - a ring of wizardry (left claw)
Scrolls
 d - 2 scrolls of immolation
 e - a scroll of enchant armour {unknown}
 f - a scroll of identify
 h - a scroll of random uselessness {unknown}
 i - a scroll of noise {unknown}
 j - a scroll of blinking {unknown}
 l - a scroll of teleportation {unknown}
 p - a scroll of remove curse {unknown}
Potions
 c - a potion of cancellation
 m - a potion of degeneration
 o - a potion of lignification {unknown}
 r - a potion of flight {unknown}
Comestibles
 b - 2 bread rations
 q - 9 fruits


   Skills:
 + Level 3.0 Fighting
 + Level 3.7 Dodging
 + Level 1.7 Stealth
 + Level 5.0 Unarmed Combat


You had 4 spell levels left.
You didn't know any spells.

Dungeon Overview and Level Annotations

Branches:
Dungeon (4/15)
 Temple: D:4-7

Altars:
Makhleb
The Shining One


Innate Abilities, Weirdness & Mutations

You are too large for most types of armour.
You have claws for hands.
Your metabolism is lightning-fast.
You like to eat raw meat.
You heal very quickly.
You are covered in fur (AC +1).
You have very tough skin (AC +2).
Your flesh is heat resistant.
You expend magic power (3 MP) to strengthen your wands.


Message History

A magic dart appears from out of thin air!
The magic dart hits you!
* * * LOW HITPOINT WARNING * * *
Drink which item? (? for menu, Esc to quit)
It was a potion of agility.
You feel agile all of a sudden. Something barely misses you.
Something hits you but does no damage.
Drink which item? (? for menu, Esc to quit)
Okay, then.
Something hits you but does no damage. Something hits you but does no damage.
A worm comes into view.
Something hits you but does no damage.
You hear some strange, mumbled words.
A puff of flame appears from out of thin air!
The puff of flame misses you.
The puff of flame hits the worm.
You hear some strange, mumbled words.
A puff of frost appears from out of thin air!
The puff of frost hits you!
You die...

........)........
..#..##<###..#.#.
# #.# .#.# #.#
..# #.# .. #.###
.## #...# .#
###.####.#.##
#..{.@.w..#
######....# ....#
....# ....# ##.##
.. ...


You could see a worm.

Vanquished Creatures
  An orc priest (D:4)
  An iguana (D:4)
  An orc wizard (D:4)
  5 adders
  An ooze (D:1)
  3 worms (D:3)
  A dart slug (D:1)
  2 giant geckos
  An orc (D:4)
  5 bats
  3 giant cockroaches
  3 hobgoblins
  2 jackals (D:1)
  A quokka (D:3)
  3 giant newts
  7 goblins
  9 kobolds
  7 rats
56 creatures vanquished.

Notes
Turn   | Place    | Note
--------------------------------------------------------------
     0 | D:1      | kosy22 the Troll Monk began the quest for the Orb.
     0 | D:1      | Reached XP level 1. HP: 22/22 MP: 0/0
   124 | D:1      | Reached XP level 2. HP: 29/29 MP: 1/1
   653 | D:1      | Reached XP level 3. HP: 36/36 MP: 2/2
   939 | D:2      | Found a burning altar of Makhleb.
   939 | D:2      | Found a glowing golden altar of the Shining One.
  1436 | D:2      | Reached XP level 4. HP: 41/44 MP: 3/3
  1666 | D:3      | Gained mutation: Your flesh is heat resistant. [potion of mutation]
  1666 | D:3      | Gained mutation: You expend magic power (3 MP) to strengthen your wands. [potion of mutation]
  2206 | D:4      | Reached XP level 5. HP: 50/52 MP: 4/4
  2217 | D:4      | Reached skill level 5 in Unarmed Combat
  2226 | D:4      | HP: 1/53 [something/magic dart (3)]
  2237 | D:4      | Killed from afar by an orc wizard

Skill      XL: |  1  2  3  4  5 |
---------------+----------------+-----
Dodging        | 3 |  3.7
Fighting       | 3 |  3.0
Unarmed Combat | 5 |  5.0
Stealth        | |  1.7

Action                   |  1- 3 |  4- 6 || total
-------------------------+-------+-------++-------
Melee: Unarmed           |    83 |    59 ||   142
       Punch             |     1 |       ||     1
  Use: Scroll            |       |     7 ||     7
       Potion            |       |     3 ||     3
 Stab: Sleeping          |     2 |     2 ||     4
  Eat: Chunk             |     8 |     5 ||    13
       Bread ration      |     1 |       ||     1
       Fruit             |       |     1 ||     1
Armor: Robe              |    40 |    11 ||    51
Dodge: Dodged            |    51 |    22 ||    73
